Map: Abyssal Reef LE

Players

ShoWTimE - Winner!

  • Race: Protoss Protoss
  • Spawn Location: 11:00

Rote

  • Race: Terran Terran
  • Spawn Location: 5:00

Event: WCS Valencia 2017

VOD

Have the link to the VOD?

Description

Time

  • Played on: July 13, 2017, 6:36 a.m.
  • Length: 11:20

All games in this series

Show
View Real Time Build Order
Export as new Build Order

ShoWTimE Protoss - Winner!

Build Orders: Oracle Opening, Blink Stalkers 

Get SALT Encoding   

  12  0:00  Probe (Chrono Boost)  
  13  0:11  Probe (Chrono Boost)  
  14  0:17  Pylon  
  14  0:22  Probe (Chrono Boost)  
  16  0:35  Probe (Chrono Boost)  
  16  0:36  Gateway  
  16  0:44  Assimilator  
  16  0:46  Probe (Chrono Boost)  
  17  0:50  Assimilator  
  17  0:56  Probe (Chrono Boost)  
  18  1:07  Probe (Chrono Boost)  
  19  1:17  Probe (Chrono Boost)  
  20  1:23  Cybernetics Core  
  20  1:28  Probe (Chrono Boost)  
  21  1:32  Pylon  
  21  1:39  Probe (Chrono Boost)  
  22  1:49  Probe (Chrono Boost)  
  23  2:00  Mothership Core (Chrono Boost), Stargate  
  25  2:07  Warp Gate  
  25  2:19  Probe (Chrono Boost)  
  27  2:30  Probe (Chrono Boost)  
  27  2:35  Nexus  
  27  2:38  Pylon  
  26  2:46  Oracle (Chrono Boost)  
  26  2:49  Probe  
  30  3:01  Probe  
  30  3:04  Twilight Council  
  31  3:13  Probe  
  32  3:21  Oracle (Chrono Boost)  
  32  3:25  Probe  
  36  3:30  Gateway  
  36  3:35  Gateway  
  36  3:38  Probe  
  37  3:50  Probe  
  37  3:54  Probe, Blink (Chrono Boost)  
  39  4:03  Probe  
  39  4:05  Probe  
  41  4:12  Stalker  
  41  4:15  Probe x2  
  45  4:26  Probe  
  45  4:27  Probe  
  45  4:30  Nexus  
  47  4:34  Pylon  
  47  4:36  Probe  
  48  4:39  Probe  
  48  4:44  Stalker  
  51  4:47  Probe  
  51  4:51  Probe  
  51  4:52  Stalker  
  55  4:57  Stalker  
  57  5:00  Pylon, Probe  
  57  5:03  Probe  
  59  5:07  Stalker  
  59  5:10  Probe  
  62  5:18  Probe  
  62  5:19  Assimilator  
  63  5:21  Probe, Assimilator  
  63  5:22  Pylon  
  63  5:25  Stalker  
  66  5:30  Probe  
  66  5:31  Stalker  
  66  5:32  Probe  
  70  5:42  Probe x2  
  71  5:43  Probe, Stalker  
  75  5:53  Probe  
  75  5:54  Probe x2  
  75  5:55  Robotics Facility  
  78  6:03  Probe, Gateway  
  78  6:04  Probe  
  78  6:06  Probe  
  81  6:14  Probe  
  81  6:15  Probe, Stalker x3  
  89  6:18  Probe  
  89  6:24  Probe  
  88  6:25  Probe  
  88  6:27  Pylon  
  88  6:30  Probe  
  91  6:35  Probe  
  91  6:36  Probe  
  91  6:38  Forge x2  
  91  6:39  Pylon  
  93  6:40  Assimilator  
  93  6:44  Assimilator  
  93  6:45  Probe x2  
  93  6:46  Probe  
  96  6:57  Probe  
  91  7:03  Protoss Ground Armor Level 1, Protoss Ground Weapons Level 1  
  86  7:15  Resonating Glaives (Chrono Boost)  
  82  7:31  Gateway  
  82  7:33  Sentry x2, Gateway  
  82  7:34  Sentry, Adept  
  82  7:37  Observer (Chrono Boost), Pylon, Gateway  
  91  7:38  Gateway  
  91  7:41  Gateway  
  91  7:45  Nexus  
  91  7:48  Pylon  
  91  7:49  Pylon  
  91  7:51  Pylon  
  91  7:56  Adept x2  
  91  7:58  Adept x2  
  99  8:00  Warp Prism (Chrono Boost)  
  99  8:04  Pylon  
  101  8:08  Photon Cannon  
  101  8:09  Photon Cannon  
  101  8:10  Photon Cannon  
  101  8:18  Robotics Bay  
  101  8:24  Adept x4  
  109  8:33  Zealot x3  
  109  8:34  Zealot  
  117  8:40  Stalker  
  117  8:56  Adept x8  
  117  9:01  Robotics Facility  
  133  9:06  Colossus (Chrono Boost)  
  133  9:07  Extended Thermal Lance (Chrono Boost)  
  139  9:23  Stalker x5  
  139  9:24  Stalker x4  
  157  9:27  Pylon  
  157  9:29  Pylon  
  155  9:43  Robotics Facility  
  155  9:44  Assimilator  
  155  9:46  Assimilator  
  155  9:48  Colossus x2 (Chrono Boost)  
  155  9:59  Adept  
  169  10:00  Adept x2  
  173  10:08  Adept x3  
  179  10:15  Photon Cannon  
  179  10:17  Pylon  
  179  10:18  Dark Shrine  
  179  10:29  Pylon  
  179  10:31  Pylon x2  
  179  10:32  Pylon  
  179  10:33  Pylon  
  187  10:50  Stalker x4  
  195  11:00  Adept x2  
  195  11:14  Adept x3  
Show
View Real Time Build Order
Export as new Build Order

Rote Terran 

Build Orders: MMM Bio 

Get SALT Encoding   

  12  0:00  SCV  
  13  0:12  SCV  
  14  0:17  Supply Depot  
  14  0:24  SCV  
  14  0:28  Refinery  
  15  0:39  SCV  
  16  0:45  Barracks  
  16  0:51  SCV  
  17  1:03  SCV  
  18  1:15  SCV  
  20  1:32  Reaper  
  20  1:33  Orbital Command  
  20  1:54  Command Center  
  20  2:00  SCV  
  21  2:02  Factory  
  21  2:07  Barracks Reactor  
  21  2:13  SCV  
  22  2:18  Supply Depot  
  22  2:21  Refinery  
  22  2:25  SCV  
  23  2:40  SCV  
  24  2:47  Widow Mine  
  24  2:48  Marine x2  
  24  2:51  Starport  
  27  2:52  SCV  
  28  3:06  Marine x2  
  28  3:07  Orbital Command  
  28  3:11  SCV  
  31  3:16  Widow Mine  
  33  3:24  Marine x2  
  35  3:27  Viking  
  35  3:30  Supply Depot  
  35  3:31  SCV  
  38  3:36  SCV  
  39  3:42  Marine x2  
  39  3:43  SCV  
  42  3:49  SCV  
  42  4:05  SCV  
  42  4:06  Marine x2  
  45  4:11  Supply Depot  
  45  4:20  Command Center  
  45  4:24  SCV  
  45  4:26  Marine x2  
  45  4:27  Factory Tech Lab  
  48  4:32  SCV  
  48  4:36  SCV  
  48  4:38  Supply Depot  
  50  4:44  SCV  
  51  4:47  Marine  
  51  4:48  Marine, SCV  
  51  4:49  Siege Tank  
  57  4:57  SCV  
  58  5:02  SCV, Supply Depot  
  58  5:04  Liberator  
  59  5:09  Marine x2  
  59  5:10  SCV  
  59  5:14  SCV  
  62  5:22  SCV, Barracks x2  
  66  5:28  Supply Depot  
  66  5:32  Marine  
  66  5:33  Marine, Orbital Command  
  68  5:40  SCV x2  
  70  5:48  Refinery  
  70  5:49  Refinery  
  70  5:51  Factory Tech Lab  
  70  5:52  SCV  
  70  5:53  Engineering Bay  
  70  5:54  Engineering Bay  
  71  5:57  SCV  
  71  6:03  Marine x2  
  71  6:17  Orbital Command  
  65  6:26  Marine x2  
  67  6:38  Marauder  
  67  6:39  Stimpack  
  68  6:41  SCV x2, Factory Reactor  
  68  6:43  SCV  
  68  6:46  Starport Reactor  
  60  7:02  Marine  
  60  7:03  Marauder, Marine x2  
  60  7:05  Terran Infantry Armor Level 1, Terran Infantry Weapons Level 1  
  51  7:12  SCV x3  
  41  7:18  Widow Mine x2  
  41  7:20  Marine x2  
  41  7:21  Marauder  
  48  7:24  Marauder  
  48  7:28  SCV  
  48  7:29  SCV x2  
  50  7:35  Medivac x2  
  54  7:38  Marine, Barracks x2  
  54  7:40  Marine  
  54  7:41  SCV  
  54  7:42  Marauder  
  58  7:46  Marauder  
  58  7:48  SCV x2  
  62  7:51  Armory  
  62  7:53  SCV  
  62  7:56  Marine  
  62  7:57  Marine  
  65  8:00  SCV x2  
  65  8:04  Marauder  
  65  8:05  SCV  
  70  8:10  Marauder, Combat Shields  
  70  8:12  SCV x2  
  74  8:15  Marine x2  
  74  8:17  SCV  
  77  8:24  SCV  
  77  8:25  Marauder  
  80  8:31  Marauder, Marine x2  
  80  8:33  Marine x2  
  85  8:44  Widow Mine x2  
  85  8:46  Medivac x2  
  93  8:49  Supply Depot x2  
  93  8:50  Barracks Reactor, Barracks Tech Lab, Supply Depot  
  93  8:51  SCV x2  
  93  8:54  Marine x2  
  93  8:55  Marauder x2  
  100  9:03  Liberator  
  100  9:12  Marine x2, Supply Depot x2  
  100  9:16  Marauder, Marine, Engineering Bay  
  105  9:21  Marine  
  109  9:30  Marine  
  109  9:54  Liberator, Marine  
  109  9:55  Marine x3  
  109  9:56  Marauder x2  
  117  10:00  Supply Depot  
  120  10:25  Marauder, Marine x2  
  121  10:33  Concussive Shells  
  121  10:34  Marauder x2, Marine x2  
  127  10:35  Supply Depot  
  127  10:36  Orbital Command  
  127  10:37  Supply Depot  
  118  10:43  Marine  
  121  11:00  Marine  
Tags
 
Add a new tag
Caveats
  • Supply blocks, unpowered buildings, or Contaminate may cause inaccurate times.
  • Supply counts are checked every 10 seconds.